 Dungeon Crawl Stone Soup version 0.26-a0-487-gbff1e92059 (webtiles) character file.

Game seed: 10566345486176755106

2394 Infinimo the Destroyer (level 9, 0/45 HPs)
             Began as a Tengu Fire Elementalist on Aug 1, 2020.
             Slain by a centaur (9 damage)
             ... on level 7 of the Dungeon.
             The game lasted 00:09:21 (9635 turns).

Infinimo the Destroyer (Tengu Fire Elementalist)    Turns: 9635, Time: 00:09:21

Health: 0/45       AC:  8    Str:  8    XL:     9   Next: 46%
Magic:  13/17      EV: 15    Int: 19    God:
Gold:   61         SH:  0    Dex: 15    Spells: 13/18 levels left

rFire    . . .     SeeInvis .   n - +3 dagger (venom)
rCold    . . .     Faith    .   (no shield)
rNeg     . . .     Spirit   .   y - +0 robe {MR+}
rPois    .         Reflect  .   (helmet restricted)
rElec    .         Harm     .   m - +2 cloak {rCorr}
rCorr    +                      k - +2 pair of gloves
MR       +....                  (boots unavailable)
Stlth    ++........             g - amulet of the acrobat
HPRegen  0.15/turn              (no ring)
MPRegen  0.15/turn              (no ring)

@: flying quickly and evasively, quick
A: beak, talons 3, able to fly
a: Stop Flying


You were on level 7 of the Dungeon.
You visited 1 branch of the dungeon, and saw 7 of its levels.

You collected 278 gold pieces.
You spent 217 gold pieces at shops.

Inventory:

Hand Weapons
 n - a +3 dagger of venom (weapon)
Missiles
 d - 6 javelins (quivered)
Armour
 e - a +0 buckler
 k - a +2 pair of gloves (worn)
 m - a +2 cloak of preservation (worn)
 y - a +0 robe of magic resistance (worn)
Jewellery
 a - an uncursed ring of flight {unknown}
 g - an amulet of the acrobat (around neck)
Wands
 t - a wand of disintegration (9)
Scrolls
 f - 2 scrolls of immolation
 i - 5 scrolls of magic mapping
 o - 4 scrolls of amnesia
 p - 3 scrolls of enchant weapon
 r - 2 scrolls of remove curse
 w - 3 scrolls of enchant armour
 x - a scroll of blinking
Potions
 b - a potion of berserk rage
 c - a potion of haste
 h - 2 potions of magic
 j - a potion of ambrosia
 l - 2 potions of stabbing
 q - a potion of heal wounds
 u - 3 potions of flight
 v - a potion of curing
 z - a potion of might {unknown}


   Skills:
 - Level 2.1 Dodging
 - Level 2.0 Stealth
 + Level 3.1 Shields
 + Level 5.2 Spellcasting
 * Level 9.9 Conjurations
 * Level 8.9 Fire Magic


You had 13 spell levels left.
You knew the following spells:

 Your Spells              Type           Power        Failure   Level
a - Foxfire               Conj/Fire      ####         1%          1
b - Sticky Flame          Conj/Fire      #####...     2%          4

Your spell library contained the following spells:

 Spells                   Type           Power        Failure   Level
 Conjure Flame            Conj/Fire      #####...     1%          3
 Inner Flame              Hex/Fire       ###.....     6%          3
 Fireball                 Conj/Fire      #####.....   7%          5
 Animate Skeleton         Necr           #.....       12%         1
 Apportation              Tloc           #.....       12%         1
 Corona                   Hex            #......      12%         1
 Freeze                   Ice            #...         12%         1
 Summon Small Mammal      Summ           #...         12%         1
 Hailstorm                Conj/Ice       ###.....     16%         4
 Confusing Touch          Hex            #.......     36%         3
 Frozen Ramparts          Ice            #.....       36%         3
 Gell's Gravitas          Tloc           #.........   36%         3
 Ozocubu's Armour         Ice            #.......     36%         3
 Petrify                  Tmut/Erth      #.......     77%         4
 Summon Ice Beast         Ice/Summ       #.......     77%         4
 Metabolic Englaciation   Hex/Ice        #.........   98%         5
 Yara's Violent Unravell  Hex/Tmut       #.........   98%         5


Dungeon Overview and Level Annotations

Branches:
Dungeon (7/15)             Temple (0/1) D:7

Altars:
Kikubaaqudgha
Makhleb
Okawaru
Trog

Shops:
D:5 ([([}


Innate Abilities, Weirdness & Mutations

You have a beak for a mouth.
You have claws for feet.
You can fly continuously.


Message History

You kill the ice beast!
The centaur shoots an arrow. x2
You hear a splash.
The centaur shoots an arrow.
You start resting.
The centaur shoots an arrow.
The centaur shoots an arrow.
The arrow hits you.
* * * LOW HITPOINT WARNING * * *
You see here an arrow.
The centaur unwields a +0 shortbow.
Casting: Foxfire (safe; 1% risk of failure)
Confirm with . or Enter, or press ? or * to list all spells.
Aiming: Sticky Flame (dangerous; 2% risk of failure)
Press: ? - help, Shift-Dir - straight line, f - centaur
Aim: a centaur, quivering 11 arrows The sticky flame hits the centaur!
The centaur is moderately wounded.
The centaur is covered in liquid flames!
The centaur burns!
The centaur hits you!
You die...

### #...#
##.....####
..###..# ##...####
.......###....#
....##......###
....#.......#
(.......#..##
.....#.##..#######
.......##.....((.##
###...#...######@.#
#......>#.# ##c##
......##..# #..#
..######.## ##.##
..# #. #..#
..######. ####.##
.......# #.....#
.>......
######.###.####
........
...............#


You could see a centaur (burning).

Vanquished Creatures
  A hornet (D:6)
  Sigmund (D:6)
  A sky beast (D:6)
  An orc warrior (D:4)
  2 ice beasts
  A phantom (D:5)
  An ogre (D:6)
  2 centaurs
  A big kobold (D:7)
  A scorpion (D:5)
  7 wights
  A centaur skeleton (D:7)
  2 hounds (D:6)
  Crazy Yiuf (D:4)
  A bullfrog skeleton (D:5)
  Natasha (thrice) (D:4)
  3 iguanas
  9 worker ants
  An orc wizard (D:3)
  A hound zombie (D:2)
  2 worker ant zombies (D:2)
  A howler monkey skeleton (D:4)
  6 gnolls
  11 adders
  A shadow imp (D:5)
  A white imp (D:7)
  2 ufetubi
  2 oozes
  An adder skeleton (D:2)
  2 adder zombies (D:2)
  4 worms
  3 leopard geckos
  22 orcs
  3 bat skeletons (D:2)
  3 bat zombies (D:2)
  9 giant cockroaches
  9 goblins
  2 hobgoblins
  2 jackals (D:4)
  7 quokkas
  2 ball pythons
  A ball python skeleton (D:2)
  13 bats
  5 frilled lizards
  7 kobolds
  A quokka skeleton (D:5)
  A quokka zombie (D:2)
  10 rats
174 creatures vanquished.

Vanquished Creatures (others)
  834 foxfires
834 creatures vanquished.

Grand Total: 1008 creatures vanquished

Notes
Turn   | Place    | Note
-------+----------+-------------------------------------------
     0 | D:1      | Infinimo the Tengu Fire Elementalist began the quest for
                  | the Orb.
     0 | D:1      | Reached XP level 1. HP: 10/10 MP: 4/4
   278 | D:1      | Reached skill level 2 in Conjurations
   278 | D:1      | Reached XP level 2. HP: 15/15 MP: 1/6
   722 | D:1      | Reached XP level 3. HP: 17/19 MP: 1/7
  1085 | D:2      | Reached skill level 3 in Conjurations
  1298 | D:2      | Reached XP level 4. HP: 24/24 MP: 4/8
  1808 | D:2      | Found a burning altar of Makhleb.
  1949 | D:2      | Reached skill level 4 in Conjurations
  1949 | D:2      | Gained mutation: You can fly continuously. [Tengu growth]
  1949 | D:2      | Reached XP level 5. HP: 16/28 MP: 2/9
  2318 | D:2      | Found an iron altar of Okawaru.
  2733 | D:3      | Found a bloodstained altar of Trog.
  2736 | D:3      | Found an ancient bone altar of Kikubaaqudgha.
  2998 | D:3      | Reached skill level 5 in Fire Magic
  3535 | D:3      | Reached XP level 6. HP: 32/32 MP: 8/11
  3562 | D:3      | Reached skill level 5 in Conjurations
  3970 | D:4      | Noticed an orc warrior
  4060 | D:4      | Killed an orc warrior
  4688 | D:4      | Reached XP level 7. HP: 36/36 MP: 9/13
  4816 | D:4      | Noticed Natasha
  4822 | D:4      | Reached skill level 6 in Conjurations
  4824 | D:4      | Killed Natasha
  5180 | D:4      | Found a runed translucent door.
  5181 | D:4      | Noticed Crazy Yiuf
  5293 | D:4      | Noticed Natasha
  5297 | D:4      | Killed Natasha
  5353 | D:4      | Noticed Natasha
  5355 | D:4      | Killed Natasha
  5508 | D:4      | Killed Crazy Yiuf
  5719 | D:5      | Entered Level 5 of the Dungeon
  5757 | D:5      | Found Ikkanoma's Antique Weapon Boutique.
  5867 | D:5      | Reached skill level 7 in Conjurations
  5926 | D:5      | Found Feiblipn's Armour Shop.
  6058 | D:5      | Found Vehatoe's Antique Armour Boutique.
  6081 | D:5      | Reached XP level 8. HP: 28/41 MP: 8/15
  6087 | D:5      | Learned a level 4 spell: Sticky Flame
  6275 | D:5      | Found Nyilupuk's Gadget Shop.
  6330 | D:5      | Found Nouhokk's Weapon Emporium.
  6888 | D:5      | Bought a glowing cloak for 217 gold pieces
  7287 | D:6      | Reached skill level 8 in Conjurations
  7293 | D:6      | Reached skill level 1 in Shields
  8080 | D:6      | Noticed Sigmund
  8132 | D:6      | Killed Sigmund
  8381 | D:6      | Reached skill level 9 in Conjurations
  8419 | D:6      | Reached XP level 9. HP: 45/45 MP: 13/17
  8654 | D:7      | Noticed a hornet
  8674 | D:6      | Paralysed by a hornet for 1 turns
  8683 | D:6      | Killed a hornet
  8867 | D:7      | Reached skill level 5 in Spellcasting
  9601 | D:7      | Found a staircase to the Ecumenical Temple.
  9635 | D:7      | Slain by a centaur

Illustrated notes

Levels and vault maps discovered:
D:1:      evilmike_arrival_plus, layout_rooms
D:2:      layout_rooms, lightli_temple_of_fire, serial_undead, serial_undead_d,
          serial_undead_f, serial_undead_d, serial_undead_c, serial_undead_a,
          serial_undead_e, serial_undead_a, serial_undead_c, serial_undead_d,
          serial_undead_c, corexii_corridor_pit, okawaru_altar_gauntlet_db
D:3:      layout_basic, grunt_temple_overflow_open, minmay_joined_circles
D:4:      layout_basic, minivault_4, uniq_natasha, uniq_crazy_yiuf_cottage
D:5:      layout_basic, serial_shops, shop, shop, shop, nicolae_shop_waterfront,
          nicolae_shop_overgrown_old_shop
D:6:      layout_loops_ring, uniq_sigmund
D:7:      layout_rooms, temple_pool_b, minmay_liquid_box, roderic_three_in_a_row

Skill      XL: |  1  2  3  4  5  6  7  8  9 |
---------------+----------------------------+-----
Conjurations   | 2 3 4 5 7 9 |  9.9
Fire Magic     | 4 5 6 8 |  8.9
Spellcasting   | 3 4 5 |  5.2
Shields        | 2 3 |  3.1
Dodging        | |  2.1
Stealth        | |  2.0

Action                   |  1- 3 |  4- 6 |  7- 9 || total
-------------------------+-------+-------+-------++-------
Melee: Unarmed           |     1 |     3 |       ||     4
       Peck              |     1 |     5 |     4 ||    10
       Kick              |       |    11 |     3 ||    14
       Dagger            |       |    33 |    15 ||    48
Throw: Javelin           |     1 |       |       ||     1
 Cast: Foxfire           |    74 |   200 |   238 ||   512
       Sticky Flame      |       |       |    12 ||    12
 Abil: Fly               |       |     1 |       ||     1
  Use: Scroll            |       |       |    17 ||    17
Armor: Robe              |     2 |    38 |    24 ||    64
Dodge: Dodged            |     4 |   179 |   131 ||   314

Table legend: (Time is in decaauts)
 A = Elapsed time spent in this place.
 B = Non-inter-level travel time spent in this place.
 C = Inter-level travel time spent in this place.
 D = Time resting spent in this place.
 E = Time spent auto-exploring this place.
 F = Levels seen in this place.
 G = Mean time per level.
                   A        B        C        D        E       F      G
               +--------+--------+--------+--------+--------+-----+--------+
         Total |   9295 |   8982 |    313 |      6 |   7297 |   7 | 1327.9 |
       Dungeon |   9295 |   8982 |    313 |      6 |   7297 |   7 | 1327.9 |
               +--------+--------+--------+--------+--------+-----+--------+

Top non-repeatable levels by time:
     D:6: 2095 daAuts
     D:4: 1832 daAuts
     D:2: 1531 daAuts
     D:3: 1295 daAuts
     D:5: 1124 daAuts
     D:1: 885 daAuts
     D:7: 530 daAuts
